 Dungeon Sprint DCSS version 0.23-a0-635-g88ca12a (webtiles) character file.

1605 Lanoc the Grappler (level 8, -7/88 HPs)
             Began as a Troll Monk on Dec 27, 2018.
             Was the Champion of Jiyva.
             Mangled by a hornet (9 damage)
             ... in the Dungeon (Sprint I: "Red Sonja").
             The game lasted 00:04:17 (411 turns).

Lanoc the Grappler (Troll Monk)                      Turns: 411, Time: 00:04:18

Health: -7/88      AC:  4    Str: 21    XL:     8   Next: 63%
Magic:  7/7        EV: 16    Int:  5    God:    Jiyva [******]
Gold:   607        SH:  0    Dex: 14    Spells: 7/7 levels left

rFire    . . .     SeeInvis .     - Unarmed
rCold    + . .     Gourm    +   (no shield)
rNeg     . . .     Faith    .   a - +0 robe
rPois    .         Spirit   .   (helmet restricted)
rElec    .         Reflect  .   (no cloak)
rCorr    +         Harm     .   (gloves unavailable)
MR       .....     NoTele   +   (boots unavailable)
Stlth    +++.......             (no amulet)
HPRegen  0.64/turn              (no ring)
MPRegen  0.10/turn              (no ring)

@: slowed, very slow
A: large, unfitting armour, claws 3, horns 1, repulsion field 1, camouflage 1,
cold resistance 1, fast metabolism 3, gourmand, high mp 1, sense surroundings 1,
regeneration 1, shaggy fur 1, tough skin 2, acidic bite, pseudopods 2, tendrils
a: Request Jelly, Slimify, Cure Bad Mutation, Renounce Religion


You were in the Dungeon.
You worshipped Jiyva.
Jiyva was exalted by your worship.
You were completely stuffed.

You visited 1 branch You collected 607 gold pieces.

Inventory:

Armour
 a - a +0 robe (worn)
Wands
 i - a wand of digging (2)
 j - a wand of disintegration (18)
Scrolls
 h - a scroll of blinking
Potions
 d - a potion of brilliance {unknown}
 e - a potion of haste
 f - 2 potions of magic
 g - a potion of berserk rage
Comestibles
 b - 2 rations


   Skills:
 + Level 7.7 Fighting
 + Level 7.2 Armour
 + Level 7.8 Dodging
 - Level 1.0 Stealth
 * Level 12.4 Unarmed Combat


You had 7 spell levels left.
You didn't know any spells.
Your spell library was empty.

Dungeon Overview and Level Annotations

Branches:
Dungeon (1/1)

Altars:
Cheibriados
Dithmenos
Elyvilon
Fedhas
Gozag
Hepliaklqana
Kikubaaqudgha
Makhleb
Nemelex Xobeh
Okawaru
Qazlal
Ru
Sif Muna
Trog
Uskayaw
Vehumet
Wu Jian
Xom
Yredelemnul
Zin
The Shining One
Jiyva
Lugonu

Shops:
D =[[=?:[


Innate Abilities, Weirdness & Mutations

You are too large for most types of armour.
You have claws for hands.
Your metabolism is lightning-fast.
You like to eat raw meat.
Your natural rate of healing is unusually fast.
You are covered in fur. (AC +1)
You have very tough skin. (AC +2)
You have a pair of small horns on your head.
You are surrounded by a mild repulsion field. (EV +2)
Your skin changes colour to match your surroundings (Stealth+).
Your flesh is cold resistant. (rC+)
You have an increased reservoir of magic. (+10% MP)
You passively map a small area around you.
You have acidic saliva.
Armour fits poorly on your large pseudopods.
You are covered in slimy tendrils that may disarm your opponents.


Message History

* * * LOW HITPOINT WARNING * * *
You suddenly lose the ability to move!
The hornet stings you!
* * * LOW HITPOINT WARNING * * *
You are lethally poisoned!
You feel as though you will be slow longer.
The hornet stings you but does no damage.
You can move again.
You feel better. The hornet barely misses you. The hornet closely misses you.
You closely miss the hornet.
You headbutt the hornet, but do no damage.
The hornet is almost dead.
The hornet stings you but does no damage.
You closely miss the hornet. Your bludgeon misses the hornet.
The hornet is almost dead.
The hornet stings you!
* * * LOW HITPOINT WARNING * * *
You feel as though you will be slow longer.
The hornet stings you!
You die...

###############*
..').#..'..#__# , *
[.#..').#..'^.+ ,* ,
####'#####.#__#### ,,
###..#...#.####§.#*##*
__####..##.#≈≈≈§.#§.#
*
_____##'#_§§≈≈§§@y§.#
, *
_.∩......._#≈≈§§§#..#
_..__##_.#.##§####*.#
_____###'#.#§...### ..
########.####'###)##
.# * ,
.J........'.......∩# #
* ...####...##########
+ ....####.###, , ,
.....#.#.#.# ,


You could see a hornet.

Vanquished Creatures
  A centaur warrior (D)
  A deep troll (D)
  A slime creature (D)
  A redback (D)
  Sigmund (D)
  An ogre (D)
  Ijyb (D)
  2 ballistomycetes (D)
9 creatures vanquished.

Vanquished Creatures (others)
  A centaur warrior (D)
  Sonja (D)
  8 shining eyes (D)
  A redback (D)
  A yak (D)
  13 jellies (D)
  5 floating eyes (D)
  2 ballistomycete spores (D)
32 creatures vanquished.

Grand Total: 41 creatures vanquished

Notes
Turn   | Place    | Note
-------+----------+-------------------------------------------
     0 | D        | Lanoc the Troll Monk began the quest for the Orb.
     0 | D        | Reached XP level 1. HP: 22/22 MP: 0/0
     1 | D        | Noticed Ijyb
    22 | D        | Killed Ijyb
    22 | D        | Reached skill level 1 in Armour
    22 | D        | Reached skill level 4 in Unarmed Combat
    22 | D        | Reached XP level 2. HP: 19/31 MP: 1/1
    45 | D        | Noticed an ogre
    52 | D        | Killed an ogre
    52 | D        | Reached skill level 6 in Unarmed Combat
    52 | D        | Reached XP level 3. HP: 39/39 MP: 2/2
    52 | D        | Reached XP level 4. HP: 48/48 MP: 3/3
    55 | D        | Noticed Sigmund
    61 | D        | Killed Sigmund
    61 | D        | Reached skill level 5 in Fighting
    61 | D        | Reached skill level 5 in Dodging
    61 | D        | Reached skill level 8 in Unarmed Combat
    61 | D        | Reached XP level 5. HP: 46/57 MP: 4/4
   100 | D        | Found a burning altar of Makhleb.
   100 | D        | Found a viscous altar of Jiyva.
   100 | D        | Found a shimmering altar of Xom.
   100 | D        | Found a corrupted altar of Lugonu.
   100 | D        | Noticed a slime creature
   107 | D        | Killed a slime creature
   107 | D        | Reached skill level 5 in Armour
   107 | D        | Reached skill level 9 in Unarmed Combat
   107 | D        | Reached XP level 6. HP: 7/67 MP: 5/5
   110 | D        | Became a worshipper of Jiyva Juaseude the Shapeless
   110 | D        | Reached * piety under Jiyva
   110 | D        | Reached ** piety under Jiyva
   113 | D        | Found a deep blue altar of Sif Muna.
   116 | D        | Found an ornate altar of the Wu Jian Council.
   118 | D        | Found a radiant altar of Vehumet.
   121 | D        | Noticed a centaur warrior
   127 | D        | Killed a centaur warrior
   129 | D        | Reached *** piety under Jiyva
   129 | D        | Gained mutation: Your flesh is cold resistant. (rC+)
                  | [Jiyva's grace]
   130 | D        | Killed a yak
   140 | D        | Reached **** piety under Jiyva
   140 | D        | Gained mutation: You possess an exceptional clarity of
                  | mind. [Jiyva's grace]
   143 | D        | Gained mutation: Armour fits poorly on your strangely
                  | shaped body. [Jiyva's grace]
   145 | D        | Reached ***** piety under Jiyva
   148 | D        | Killed a floating eye
   153 | D        | Found Fiuzxeby's Jewellery Emporium.
   153 | D        | Found a hazy altar of Hepliaklqana.
   153 | D        | Found a hide-covered altar of Uskayaw.
   154 | D        | Found a stormy altar of Qazlal.
   154 | D        | Found a blossoming altar of Fedhas.
   154 | D        | Found a bloodstained altar of Trog.
   154 | D        | Found an iron altar of Okawaru.
   154 | D        | Found a sacrificial altar of Ru.
   154 | D        | Found a glowing silver altar of Zin.
   155 | D        | Found an ancient bone altar of Kikubaaqudgha.
   155 | D        | Found a basalt altar of Yredelemnul.
   155 | D        | Found a glowing golden altar of the Shining One.
   155 | D        | Found a snail-covered altar of Cheibriados.
   155 | D        | Found a shadowy altar of Dithmenos.
   155 | D        | Found a white marble altar of Elyvilon.
   157 | D        | Found an opulent altar of Gozag.
   157 | D        | Killed a shining eye
   157 | D        | Killed a redback
   159 | D        | Gained mutation: You are covered in slimy tendrils that may
                  | disarm your opponents. [Jiyva's grace]
   166 | D        | Killed a shining eye
   171 | D        | Noticed Sonja
   172 | D        | Killed a shining eye
   173 | D        | Gained mutation: Your skin changes colour to match your
                  | surroundings (Stealth+). [Jiyva's grace]
   177 | D        | Killed a floating eye
   185 | D        | Killed a shining eye
   185 | D        | Killed a shining eye
   191 | D        | Killed Sonja
   191 | D        | Reached skill level 10 in Unarmed Combat
   191 | D        | Reached XP level 7. HP: 47/76 MP: 6/6
   192 | D        | Killed a centaur warrior
   192 | D        | Reached skill level 11 in Unarmed Combat
   194 | D        | Gained mutation: You have acidic saliva. [Jiyva's grace]
   196 | D        | Reached ****** piety under Jiyva
   196 | D        | Gained mutation: Armour fits poorly on your pseudopods.
                  | [Jiyva's grace]
   196 | D        | Gained mutation: You have an increased reservoir of magic.
                  | (+10% MP) [Jiyva's grace]
   198 | D        | Gained mutation: You have a pair of small horns on your
                  | head. [Jiyva's grace]
   200 | D        | Killed a shining eye
   203 | D        | Lost mutation: Armour fits poorly on your strangely shaped
                  | body. [Jiyva's grace]
   228 | D        | Killed a shining eye
   233 | D        | Killed a shining eye
   243 | D        | Noticed a deep troll
   245 | D        | Found Fotauc's Armour Emporium.
   251 | D        | Killed a deep troll
   251 | D        | Reached skill level 12 in Unarmed Combat
   251 | D        | Reached XP level 8. HP: 27/87 MP: 7/7
   300 | D        | Lost mutation: You possess an exceptional clarity of mind.
                  | [Jiyva's grace]
   322 | D        | Found Misyul's Jewellery Boutique.
   336 | D        | Found Suwat's Book Boutique.
   336 | D        | Found Xaynuegg's Armour Emporium.
   338 | D        | Found Kueskin's Antique Armour Shoppe.
   339 | D        | Found Paodghodu's Magic Scroll Shop.
   380 | D        | Found a sparkling altar of Nemelex Xobeh.
   380 | D        | Gained mutation: Armour fits poorly on your large
                  | pseudopods. [Jiyva's grace]
   387 | D        | Gained mutation: You passively map a small area around you.
                  | [Jiyva's grace]
   388 | D        | Gained mutation: You are surrounded by a mild repulsion
                  | field. (EV +2) [Jiyva's grace]
   397 | D        | Noticed a hornet
   402 | D        | Paralysed by a hornet for 2 turns
   404 | D        | HP: 3/88 [hornet (17)]
   407 | D        | Paralysed by a hornet for 2 turns
   408 | D        | HP: 1/88 [hornet (7)]
   411 | D        | Mangled by a hornet

Vault maps used:
D:        dungeon_sprint_1

Skill      XL: |  1  2  3  4  5  6  7 |
---------------+----------------------+-----
Fighting       | 3 4 5 6 7 |  7.7
Armour         | 1 3 4 5 6 7 |  7.2
Dodging        | 3 4 5 6 7 |  7.8
Unarmed Combat | 4 6 8 9 10 12 | 12.4
Stealth        | |  1.0

Action                   |  1- 3 |  4- 6 |  7- 9 || total
-------------------------+-------+-------+-------++-------
Melee: Unarmed           |    26 |    22 |    22 ||    70
       Punch             |     1 |     1 |       ||     2
       Headbutt          |       |       |     6 ||     6
       Bite              |       |       |     1 ||     1
       Pseudopods        |       |       |     1 ||     1
  Use: Potion            |       |     2 |     3 ||     5
  Eat: Chunk             |     1 |     3 |       ||     4
Armor: Robe              |     7 |    12 |     3 ||    22
Dodge: Dodged            |     9 |    25 |     8 ||    42

Table legend:
 A = Non-vault XP
 B = Vault XP
 C = Vault XP percentage of total XP
 D = Non-vault monster count
 E = Vault monster count
 F = Vault count percentage of total count
                 A         B        C        D         E       F
            +---------+---------+-------+---------+---------+-------
      Total |       0 |    2293 | 100.0 |       0 |       8 | 100.0
            +---------+---------+-------+---------+---------+-------
          D |       0 |    2293 | 100.0 |       0 |       8 | 100.0
            +---------+---------+-------+---------+---------+-------
